Cogmind - Beta 12 X1 @@@ ROGUE MODE // 2022.07.28 @ 07:38:18 Player: Exp. Geonium Core Result: Destroyed by Y-54 Guardian with Gatling Laser Performance ------------- Evolutions (3) 1500 Regions Visited (12) 2400 Robots Destroyed (118) 590 Value Destroyed (4841) 4841 Prototype IDs (30) 600 Alien Tech Used (0) 0 Bonus (1971) 1971 TOTAL SCORE: 11902 Bonus ------- High Alert Combat Kills 95 Follower Combat Kills 886 Entered Garrisons 800 Used RIF Installer 2000 Aligned with FarCom 300 Friendly Fire -2110 Cogmind --------- Core Integrity 0/700 Matter 300/300 Energy 100/100 System Corruption 1% Temperature Cool (12) Movement Rolling (115) Ox1 Location -7/Garrison Parts ------- > --- POWER (1) -------- (None) > --- PROPULSION (2) --- Armored Huge Wheel > --- UTILITY (8) ------ High-capacity Storage Unit Relay Coupler [NC] (20) Relay Coupler [Brawler] (23) Relay Coupler [Duelist] (29) Relay Coupler [Sentry] (7) > --- WEAPON (2) ------- (None) > --- INVENTORY (20) --- Light Treads Superbattery (1500) YI-UF0's Bottomless Matter Pit (562) Hacking Suite System Shield Relay Coupler [NC] (30) Relay Coupler [NC] (33) Relay Coupler [NC] (31) Relay Coupler [Grunt] (33) Relay Coupler [Demolisher] (25) Relay Coupler [Hunter] (15) Relay Coupler [Hunter] (13) Relay Coupler [Heavy] (14) Peak State ------------ > --- POWER ------------ Light Nuclear Core > --- PROPULSION ------- Improved Heavy Treads > --- UTILITY ---------- Improved Heat Sink Gravity Neutralizer Relay Coupler [NC] Relay Coupler [Swarmer] Relay Coupler [Grunt] Relay Coupler [Sentry] Relay Coupler [Specialist] Relay Coupler [Hunter] > --- WEAPON ----------- Greatsword > --- INVENTORY -------- Heavy Rocket Launcher Improved Datajack Heavy Flail [Rating: 56] Favorites ----------- Power Light Nuclear Core Engine Ion Engine Power Core Light Nuclear Core Propulsion Advanced Treads Treads Advanced Treads Leg Aluminum Leg Wheel Wheel Utility High-capacity Storage Unit Device Improved Heat Sink Storage High-capacity Storage Unit Processor Advanced Targeting Computer Hackware Relay Coupler [Grunt] Protection Hardened Medium Armor Plating Weapon Autogun Energy Gun Small Laser Ballistic Gun Autogun Launcher Heavy Rocket Launcher Special Weapon Remote Datajack Impact Weapon Heavy Flail Slashing Weapon Greatsword Special Melee Weapon Improved Datajack Build | -11 -10 -10 -10 -9 -8 -8 -8 -8 -7 -7 -7 -7 ------- Run | Scr Mat Min Exi Min Mat Gar Mat Gar Fac Gar Fac Gar Slots Evolved 6 | . . . . . 4 . . . 2 . . . Power . | . . . . . . . . . . . . . Propulsion . | . . . . . . . . . . . . . Utility 6 | . . . . . 4 . . . 2 . . . Weapon . | . . . . . . . . . . . . . Parts Attached 153 | . 10 1 . 14 31 12 8 9 13 39 13 3 Power 10 | . . . . 1 2 1 1 . 1 3 1 . Engine 2 | . . . . 1 1 . . . . . . . Core 8 | . . . . . 1 1 1 . 1 3 1 . Reactor . | . . . . . . . . . . . . . Propulsion 19 | . 3 . . 3 4 4 . . . 4 . 1 Treads 11 | . 1 . . 1 4 2 . . . 3 . . Leg 1 | . . . . . . . . . . 1 . . Wheel 7 | . 2 . . 2 . 2 . . . . . 1 Hover . | . . . . . . . . . . . . . Flight . | . . . . . . . . . . . . . Utility 46 | . 1 1 . 1 14 2 3 3 5 11 5 . Device 3 | . . . . . 1 . . . 1 1 . . Storage 4 | . 1 1 . . 1 . . . . 1 . . Processor 5 | . . . . 1 4 . . . . . . . Hackware 24 | . . . . . 2 1 3 3 2 8 5 . Protection 10 | . . . . . 6 1 . . 2 1 . . Artifact . | . . . . . . . . . . . . . Weapon 78 | . 6 . . 9 11 5 4 6 7 21 7 2 Energy Gun . | . . . . . . . . . . . . . Energy Cannon . | . . . . . . . . . . . . . Ballistic Gun 21 | . 3 . . 5 6 1 1 1 1 1 2 . Ballistic Cannon . | . . . . . . . . . . . . . Launcher 19 | . 3 . . 2 3 1 1 1 1 4 2 1 Special Weapon 8 | . . . . . 1 . 1 1 2 2 1 . Impact Weapon 5 | . . . . . . . . 1 1 2 . 1 Slashing Weapon 13 | . . . . 2 1 2 . 1 1 6 . . Piercing Weapon . | . . . . . . . . . . . . . Special Melee Weapon 12 | . . . . . . 1 1 1 1 6 2 . Unidentified Prototypes 2 | . . 1 . . . . . . . 1 . . Parts Lost 39 | . . . . 2 5 8 . 1 1 9 8 5 Power 9 | . . . . 1 1 2 . . . 3 2 . Propulsion 6 | . . . . 1 1 2 . . . 1 . 1 Utility 11 | . . . . . 2 2 . . . 4 1 2 Weapon 13 | . . . . . 1 2 . 1 1 1 5 2 Highest Loss Streak 4 | . . . . 2 1 3 . 1 1 4 3 2 To Critical Strikes 1 | . . . . . . 1 . . . . . . Average Slot Usage (%) 83 | . 85 85 85 95 94 88 87 84 73 80 73 63 Engine 3 | . 14 14 14 12 6 2 . . . . . . Core 3 | . . . . . 2 4 6 9 7 6 5 . Treads 9 | . 7 14 14 13 14 11 . . . 6 7 4 Wheel 4 | . 8 14 14 13 3 3 9 9 7 . . 2 Device 1 | . . . . . 2 . . . . 2 . . Storage 8 | . 14 14 14 14 9 9 9 9 7 4 7 7 Processor 7 | . . . . 13 17 27 10 3 . . . . Hackware 23 | . . . . . 9 10 34 37 30 42 35 43 Protection 3 | . . . . . 10 3 . . 4 4 2 . Energy Gun 1 | . 14 14 14 . . . . . . . . . Ballistic Gun 7 | . 9 14 14 25 16 6 3 . . . 2 . Impact Weapon 1 | . . . . . . . . 4 6 1 5 2 Slashing Weapon 2 | . . . . . . 7 5 3 . 4 . . Special Melee Weapon 1 | . . . . . . 1 4 4 3 2 3 . Naked Turns . | . . . . . . . . . . . . . Heaviest Build 68 | 12 29 28 28 29 68 59 56 53 57 61 57 47 Greatest Support 75 | 20 20 10 10 20 44 44 28 28 28 75 75 75 Greatest Overweight (x) 4 | . 2 2 2 2 4 2 1 1 2 1 . 1 Average Overweight (x) 1 | . 1 2 2 1 1 1 1 1 1 . . . Largest Inventory Capacity 20 | . 15 15 15 15 20 20 20 20 20 20 20 20 Average Capacity 17 | . 14 15 15 15 18 20 20 20 20 14 20 20 Most Carried 20 | . 8 11 12 12 20 20 16 19 17 20 20 20 Average Carried 14 | . 7 8 11 11 17 16 15 16 15 11 17 15 Final Capacity 20 | 8 15 15 15 15 20 20 20 20 20 20 20 20 Final Carried 20 | 6 8 11 12 12 20 16 16 15 15 19 17 13 Class Distribution -------------------- 53% | Mutant 27% | Bothacker-Mutant 18% | Botlord-Mutant Dominant Class ---------------- Mutant | -10/Materials Mutant | -10/Mines Mutant | -10/Exiles Mutant | -9/Mines Mutant | -8/Materials Mutant | -8/Garrison Bothacker-Mutant | -8/Materials Bothacker-Mutant | -8/Garrison Bothacker-Mutant | -7/Factory Bothacker-Mutant | -7/Garrison Botlord-Mutant | -7/Factory Mutant | -7/Garrison Resources | -11 -10 -10 -10 -9 -8 -8 -8 -8 -7 -7 -7 -7 ----------- Run | Scr Mat Min Exi Min Mat Gar Mat Gar Fac Gar Fac Gar Matter Collected 4217 | 200 83 201 . 153 748 268 78 118 430 925 855 158 Remotely . | . . . . . . . . . . . . . Salvage Created 3227 | . 181 243 . 137 827 268 59 45 136 754 533 44 Parts 193 | . 22 5 . 11 64 11 3 6 9 33 29 . Haulers Intercepted 2 | . . . . . 2 . . . . . . . Recyclers Shooed 6 | . . . . . 5 . . . . . 1 . Parts Field Recycled . | . . . . . . . . . . . . . Retrieved Matter . | . . . . . . . . . . . . . Parts Self-Destructed . | . . . . . . . . . . . . . Prevented . | . . . . . . . . . . . . . Kills | -11 -10 -10 -10 -9 -8 -8 -8 -8 -7 -7 -7 -7 ------- Run | Scr Mat Min Exi Min Mat Gar Mat Gar Fac Gar Fac Gar Combat Hostiles Destroyed 91 | . 12 . . 7 21 12 2 3 3 15 14 2 Melee 10 | . . . . . . 1 . 1 2 4 2 . Guns 22 | . 1 . . 2 14 2 . . . . 3 . AOE 58 | . 11 . . 5 7 9 2 2 1 11 8 2 Classes Destroyed 14 | . 5 1 . 1 6 1 . . . . . . Worker 8 | . 1 1 . . 3 . . . 1 . 2 . Builder 4 | . 1 1 . . 1 . . . . . 1 . Tunneler 2 | . . . . . 2 . . . . . . . Hauler 2 | . . . . . 2 . . . . . . . Recycler 4 | . . 1 . . . . . . . . 3 . Mechanic 1 | . . . . . 1 . . . . . . . Operator 3 | . 2 . . . 1 . . . . . . . Swarmer 35 | . 6 . . 4 7 1 . 2 . 10 5 . Grunt 39 | . 6 . . 2 5 9 2 1 1 5 6 2 Brawler 2 | . . . . . . 1 . . . . 1 . Duelist 2 | . . . . 1 . . . . . . 1 . Sentry 9 | . . . . . 6 1 . . . 1 1 . Hunter 2 | . . . . . 2 . . . . . . . Programmer 3 | . . . . . 1 . . . 2 . . . Thug 1 | . . . . . . . . . . 1 . . Best Kill Streak 10 | . 7 3 . 4 7 9 2 3 2 4 10 1 Combat Bots Only 9 | . 7 . . 4 5 9 2 3 2 4 7 1 Max Kills in Single Turn 4 | . 4 1 . 3 4 3 1 2 1 3 3 1 Gunslinging . | . . . . . . . . . . . . . Exploded 4 | . 4 . . 3 2 3 1 2 1 3 2 1 Melee 1 | . . . . . . 1 . 1 1 1 1 . Uniques/NPCs Destroyed 1 | . . 1 . . . . . . . . . . YI-UF0 (-10/Mines) Combat | -11 -10 -10 -10 -9 -8 -8 -8 -8 -7 -7 -7 -7 -------- Run | Scr Mat Min Exi Min Mat Gar Mat Gar Fac Gar Fac Gar Damage Taken 6601 | . 217 . . 392 995 1465 117 226 238 1452 947 552 Core 1355 | . 22 . . 125 94 309 15 83 . 235 232 240 Absorbed by Shields . | . . . . . . . . . . . . . Core Remaining (%) 49 | 100 . . . 41 . . . 8 . . . . Volleys Fired 228 | . 17 30 . 23 59 12 4 11 13 14 42 3 Largest 2 | . 2 2 . 2 2 1 1 1 1 1 1 1 Hottest 60 | . 60 60 . 60 51 39 39 39 39 39 39 39 Shots Fired 327 | . 23 60 . 37 108 12 4 11 13 14 42 3 Gun 238 | . 13 60 . 33 99 3 1 . . 1 28 . Cannon . | . . . . . . . . . . . . . Launcher 63 | . 10 . . 4 7 9 2 1 2 11 14 3 Special 26 | . . . . . 2 . 1 10 11 2 . . Kinetic 196 | . 6 30 . 28 99 3 1 . . 1 28 . Thermal 44 | . 7 30 . 5 2 . . . . . . . Explosive 63 | . 10 . . 4 7 9 2 1 2 11 14 3 Electromagnetic . | . . . . . . . . . . . . . Robot Hit Streak 23 | . 18 11 . 23 15 20 23 1 13 15 6 3 Robot Miss Streak 8 | . . 2 . 2 8 1 1 5 . 2 3 . Penetration Max . | . . . . . . . . . . . . . Secondary Targets . | . . . . . . . . . . . . . Shots Hit Robots 315 | . 18 40 . 30 76 19 14 5 17 46 43 7 Core Hits 247 | . 28 8 . 14 84 27 2 5 5 31 39 4 Critical Kills . | . . . . . . . . . . . . . Critical Parts Destroyed 1 | . . . . . . . . . . 1 . . Critical Strikes 5 | . . . . . . . . . . 5 . . Smash 1 | . . . . . . . . . . 1 . . Sever 4 | . . . . . . . . . . 4 . . Melee Attacks 172 | . . . . 5 2 15 16 9 6 73 28 18 Impact 43 | . . . . . . . . 4 3 4 14 18 Slashing 93 | . . . . 5 2 15 8 3 2 58 . . Piercing . | . . . . . . . . . . . . . Sneak Attacks 19 | . . . . . . . 5 1 2 4 7 . Combat Hostiles 4 | . . . . . . . . 1 . 3 . . Follow-up Attacks . | . . . . . . . . . . . . . Damage Inflicted 13477 | . 1083 464 . 584 2125 1512 345 204 264 4490 2126 280 Guns 2373 | . 129 464 . 251 1213 45 . . . 16 255 . Cannons . | . . . . . . . . . . . . . Explosions 6845 | . 951 . . 333 899 1206 215 136 107 1331 1521 146 Melee 4243 | . . . . . . 261 130 68 157 3143 350 134 Ramming 3 | . 3 . . . . . . . . . . . Kinetic 2131 | . 48 347 . 207 1213 45 . . . 16 255 . Thermal 368 | . 81 117 . 44 126 . . . . . . . Explosive 6688 | . 907 . . 333 786 1206 215 136 107 1331 1521 146 Electromagnetic 44 | . 44 . . . . . . . . . . . Impact 733 | . . . . . . . . 68 56 125 350 134 Slashing 3510 | . . . . . . 261 130 . 101 3018 . . Piercing . | . . . . . . . . . . . . . Highest Corruption 1 | . 1 1 1 1 . . . . . . . 1 Average Corruption 1 | . 1 1 1 1 . . . . . . . 1 Corruption Purged . | . . . . . . . . . . . . . Corruption Blocked . | . . . . . . . . . . . . . Effects 8 | . . 1 1 1 . . . . . . . 5 Message Errors 3 | . . 1 . 1 . . . . . . . 1 Matter Fused 2 | . . . . . . . . . . . . 2 Energy Discharges 1 | . . . 1 . . . . . . . . . Data Loss (minor) 2 | . . . . . . . . . . . . 2 Overload Shots . | . . . . . . . . . . . . . Overflow Damage 642 | . 37 . . 10 46 57 33 . 16 308 135 . Projectiles . | . . . . . . . . . . . . . Explosions 325 | . 37 . . 10 46 57 32 . . 53 90 . Melee 317 | . . . . . . . 1 . 16 255 45 . Knockbacks 3 | . . . . . . . . . . . 1 2 Impact 3 | . . . . . . . . . . . 1 2 Kinetic . | . . . . . . . . . . . . . Secondary . | . . . . . . . . . . . . . Self-Inflicted Damage 350 | . . . . 45 4 115 . . . 146 11 29 Shots 13 | . . . . 2 1 3 . . . 5 1 1 Rammed 1 | . 1 . . . . . . . . . . . Targets Rammed 4 | . 4 . . . . . . . . . . . Kicked 3 | . 3 . . . . . . . . . . . Crushed . | . . . . . . . . . . . . . Highest Temperature 180 | . 32 . . 18 180 48 . . . 15 2 12 Average Temperature 38 | . 14 . . 8 54 17 . . . 7 1 12 Received Heat Transfer 2235 | . 84 . . 72 306 702 63 27 9 438 264 270 Siege Activations . | . . . . . . . . . . . . . Robots Corrupted . | . . . . . . . . . . . . . Combat Hostiles . | . . . . . . . . . . . . . Parts Fried 6 | . . . . . . . . . . 1 5 . Impact Corruptions 5 | . . . . . . . . . 1 2 2 . Robots Melted . | . . . . . . . . . . . . . Combat Hostiles . | . . . . . . . . . . . . . Parts Melted 1 | . 1 . . . . . . . . . . . Heat Transferred 637 | . 175 275 . 100 87 . . . . . . . Parts Sabotaged . | . . . . . . . . . . . . . Parts Stolen . | . . . . . . . . . . . . . Parts Stripped . | . . . . . . . . . . . . . Power Chain Reactions . | . . . . . . . . . . . . . Missiles Intercepted . | . . . . . . . . . . . . . Alert | -11 -10 -10 -10 -9 -8 -8 -8 -8 -7 -7 -7 -7 ------- Run | Scr Mat Min Exi Min Mat Gar Mat Gar Fac Gar Fac Gar Peak Influence 954 | . 518 216 . 180 390 529 262 302 160 954 515 346 Initial 500 | . . 201 . . 70 187 255 168 158 . 500 169 Average 284 | . 219 208 . 43 251 400 178 247 139 459 184 253 Maximum Alert Level 3 | . 2 1 . . 1 2 1 1 . 3 2 1 Low Security (%) 39 | . 41 . . 100 31 12 56 20 100 22 67 34 Level 1 37 | . 43 100 . . 68 18 43 79 . 15 20 65 Level 2 17 | . 15 . . . . 69 . . . 36 11 . Level 3 5 | . . . . . . . . . . 25 . . Level 4 . | . . . . . . . . . . . . . Level 5 . | . . . . . . . . . . . . . High Security . | . . . . . . . . . . . . . Max Security . | . . . . . . . . . . . . . Squads Dispatched 12 | . 2 . . . 2 . . . 1 . 7 . Investigation 1 | . 1 . . . . . . . . . . . Extermination 2 | . . . . . . . . . 1 . 1 . Reinforcement 6 | . 1 . . . 2 . . . . . 3 . Assault . | . . . . . . . . . . . . . Garrison 3 | . . . . . . . . . . . 3 . Intercept . | . . . . . . . . . . . . . Searches Triggered . | . . . . . . . . . . . . . Construction Impeded 3 | . . . . . 1 . . . . . 2 . Haulers Reinforced . | . . . . . . . . . . . . . Active Scanning Responses . | . . . . . . . . . . . . . Cargo Convoy Interrupts . | . . . . . . . . . . . . . Alert ID Control Effect 25 | . . . . . . . . 2 3 15 5 . Stealth | -11 -10 -10 -10 -9 -8 -8 -8 -8 -7 -7 -7 -7 --------- Run | Scr Mat Min Exi Min Mat Gar Mat Gar Fac Gar Fac Gar Distress Signals 9 | . . . . 1 4 . 2 . . . 2 . Communications Jammed . | . . . . . . . . . . . . . Distress Signals . | . . . . . . . . . . . . . Times Spotted 182 | . 19 . . 10 38 16 9 7 16 34 25 8 Peak Tracking Total 11 | . 6 . . 4 6 11 5 4 5 4 5 5 Tactical Retreats 8 | . . . . 1 . 2 . . . 3 . 2 Traps | -11 -10 -10 -10 -9 -8 -8 -8 -8 -7 -7 -7 -7 ------- Run | Scr Mat Min Exi Min Mat Gar Mat Gar Fac Gar Fac Gar Traps Triggered 6 | . . . . . . . . . . 2 . 4 Indirectly . | . . . . . . . . . . . . . Trap Hack Attempts 31 | . . . . . . 29 . . . 2 . . Triggered 1 | . . . . . . 1 . . . . . . Disarmed . | . . . . . . . . . . . . . Reprogrammed 4 | . . . . . . 3 . . . 1 . . Reused 3 | . . . . . . . . . . . . 3 Traps Extracted . | . . . . . . . . . . . . . Installed 4 | . . . . . . . . . . . . 4 Triggered 3 | . . . . . . . . . . . . 3 Most Traps Carried 4 | . . . . . . . . . . . . 4 Machines | -11 -10 -10 -10 -9 -8 -8 -8 -8 -7 -7 -7 -7 ---------- Run | Scr Mat Min Exi Min Mat Gar Mat Gar Fac Gar Fac Gar Machines Disabled 18 | . 2 . . 1 1 1 1 1 . 5 2 4 Max in Single Turn 2 | . 2 . . 1 1 1 1 1 . 1 . 1 Garrison Relay 7 | . . . . . . 1 . 1 . 5 . . Machines Sabotaged . | . . . . . . . . . . . . . Garrisons Compromised . | . . . . . . . . . . . . . Overloaded Fab Kills . | . . . . . . . . . . . . . Hacking | -11 -10 -10 -10 -9 -8 -8 -8 -8 -7 -7 -7 -7 --------- Run | Scr Mat Min Exi Min Mat Gar Mat Gar Fac Gar Fac Gar Machines Accessed 25 | . 3 . 1 1 7 1 4 1 1 3 3 . Terminals 20 | . 3 . . 1 6 1 3 1 . 3 2 . Fabricators . | . . . . . . . . . . . . . Repair Stations . | . . . . . . . . . . . . . Recycling Units . | . . . . . . . . . . . . . Scanalyzers . | . . . . . . . . . . . . . Garrison Access 4 | . . . . . 1 . 1 . 1 . 1 . Total Hacks 59 | . 15 . 1 1 17 2 6 1 2 8 6 . Successful 25 | . 5 . 1 . 9 1 2 1 1 3 2 . Failed 34 | . 10 . . 1 8 1 4 . 1 5 4 . Catastrophic 2 | . . . . . 2 . . . . . . . Database Lockouts . | . . . . . . . . . . . . . Manual 53 | . 16 . 1 1 16 . 6 1 1 6 5 . Terminals 50 | . 15 . . 1 15 2 4 1 . 8 4 . Fabricators . | . . . . . . . . . . . . . Repair Stations . | . . . . . . . . . . . . . Recycling Units . | . . . . . . . . . . . . . Scanalyzers . | . . . . . . . . . . . . . Garrison Access 8 | . . . . . 2 . 2 . 2 . 2 . Terminal Hacks 9 | . 2 . 1 . 2 1 . 1 . 2 . . Robot Analysis 1 | . 1 . . . . . . . . . . . Open Door 1 | . . . . . . . . . . 1 . . Emergency Access Points 1 | . . . . . . . . . . 1 . . Terminal Index 2 | . 1 . . . 1 . . . . . . . Garrison Index 1 | . . . . . 1 . . . . . . . Garrison Registry 2 | . . . . . . 1 . 1 . . . . EX-Prototype ID Bank 1 | . . . 1 . . . . . . . . . Fabricator Hacks . | . . . . . . . . . . . . . Repair Station Hacks . | . . . . . . . . . . . . . Recycling Unit Hacks . | . . . . . . . . . . . . . Scanalyzer . | . . . . . . . . . . . . . Garrison Access Hacks 4 | . . . . . 1 . 1 . 1 . 1 . Unlock Access 4 | . . . . . 1 . 1 . 1 . 1 . Unauthorized Hacks 12 | . 3 . . . 6 . 1 . . 1 1 . Terminals 11 | . 3 . . . 5 . 1 . . 1 1 . Assimilate 5 | . 1 . . . 3 . 1 . . . . . Botnet 3 | . 1 . . . 1 . . . . 1 . . Operators 3 | . 1 . . . 1 . . . . . 1 . Fabricators . | . . . . . . . . . . . . . Repair Stations . | . . . . . . . . . . . . . Recycling Units . | . . . . . . . . . . . . . Scanalyzers . | . . . . . . . . . . . . . Garrison Access 1 | . . . . . 1 . . . . . . . Restock 1 | . . . . . 1 . . . . . . . Data Cores Recovered . | . . . . . . . . . . . . . Used . | . . . . . . . . . . . . . Hacking Detections 18 | . 3 . . 1 5 . 4 . 1 1 3 . Full Trace Events 1 | . 1 . . . . . . . . . . . Feedback Events . | . . . . . . . . . . . . . Feedback Blocked . | . . . . . . . . . . . . . Robot Schematics Acquired . | . . . . . . . . . . . . . Robots Built . | . . . . . . . . . . . . . Authchips . | . . . . . . . . . . . . . Time . | . . . . . . . . . . . . . Total Robot Build Rating . | . . . . . . . . . . . . . Part Schematics Acquired . | . . . . . . . . . . . . . Parts Built . | . . . . . . . . . . . . . Authchips . | . . . . . . . . . . . . . Time . | . . . . . . . . . . . . . Total Part Build Rating . | . . . . . . . . . . . . . Parts Repaired . | . . . . . . . . . . . . . Time . | . . . . . . . . . . . . . Parts Recycled . | . . . . . . . . . . . . . Recycled Matter . | . . . . . . . . . . . . . Retrieved Matter . | . . . . . . . . . . . . . Retrieved Components . | . . . . . . . . . . . . . Parts Scanalyzed . | . . . . . . . . . . . . . Part Schematics Acquired . | . . . . . . . . . . . . . Parts Damaged . | . . . . . . . . . . . . . Bothacking | -11 -10 -10 -10 -9 -8 -8 -8 -8 -7 -7 -7 -7 ------------ Run | Scr Mat Min Exi Min Mat Gar Mat Gar Fac Gar Fac Gar Used RIF Installer 4 | . . . . . . 1 . 2 . 1 . . Robot Detection 1 | . . . . . . . . . . 1 . . Patrol Navigation 1 | . . . . . . . . 1 . . . . Alert ID Control 1 | . . . . . . . . 1 . . . . Robots Hacked 35 | . . . . . . . 8 4 8 8 7 . Non-combat 9 | . . . . . . . 6 . 2 . 1 . Combat 26 | . . . . . . . 2 4 6 8 6 . Robot Hacks Applied 40 | . . . . . . . 8 4 9 8 11 . no_distress 1 | . . . . . . . 1 . . . . . drop_inventory 4 | . . . . . . . 2 . 2 . . . ignore_parts 2 | . . . . . . . 2 . . . . . purge_threat 4 | . . . . . . . 1 . . . 3 . find_garrison 3 | . . . . . . . 1 . 1 . 1 . reboot_system 1 | . . . . . . . . . . 1 . . overwrite_iff 10 | . . . . . . . . 2 3 2 3 . formatsys_low 1 | . . . . . . . . . . . 1 . formatsys_high 14 | . . . . . . . 1 2 3 5 3 . Relay Couplers Released 32 | . . . . . 4 4 . 3 . 21 . . Machine Destruction 28 | . . . . . . 4 . 3 . 21 . . Programmers 4 | . . . . . 4 . . . . . . . Attached 21 | . . . . . . 1 2 3 2 8 5 . Fabnet Peak Effective % . | . . . . . . . . . . . . . Robots Rewired . | . . . . . . . . . . . . . Allies Hacked 2 | . . . . . 1 . . . . . 1 . Hacks Repelled . | . . . . . . . . . . . . . Allies | -11 -10 -10 -10 -9 -8 -8 -8 -8 -7 -7 -7 -7 -------- Run | Scr Mat Min Exi Min Mat Gar Mat Gar Fac Gar Fac Gar Total Allies 29 | . . . . . 2 . 2 4 6 8 7 . Largest Group 6 | . . . . . 1 1 2 3 6 3 5 . Highest-Rated Group 118 | . . . . . 10 10 39 54 89 95 118 . Highest-Rated Ally 32 | . . . . . 10 10 29 29 16 32 32 . Total Orders 4 | . . . . . . . . . . 2 2 . STAY 2 | . . . . . . . . . . 1 1 . FOLLOW 2 | . . . . . . . . . . 1 1 . Ally Attacks 150 | . . . . . . . 17 9 40 51 33 . Total Damage 3040 | . . . . . . . 287 124 402 1444 783 . Kills 28 | . . . . . . . 2 2 3 15 6 . Allies Corrupted 1 | . . . . . . . . . . 1 . . Allies Melted . | . . . . . . . . . . . . . Intel | -11 -10 -10 -10 -9 -8 -8 -8 -8 -7 -7 -7 -7 ------- Run | Scr Mat Min Exi Min Mat Gar Mat Gar Fac Gar Fac Gar Robot Analysis Total 1 | . 1 . . . . . . . . . . . Derelict Logs Recovered 2 | . . 1 . 1 . . . . . . . . Drone Launches . | . . . . . . . . . . . . . Drone Recoveries . | . . . . . . . . . . . . . Exploration | -11 -10 -10 -10 -9 -8 -8 -8 -8 -7 -7 -7 -7 ------------- Run | Scr Mat Min Exi Min Mat Gar Mat Gar Fac Gar Fac Gar Turns Passed 8406 | . 276 344 279 518 1759 894 261 238 421 1905 904 607 Spaces Moved 4506 | 1 165 227 253 258 820 432 167 156 305 1007 407 308 Core . | . . . . . . . . . . . . . Treads 2237 | . . . . . 424 247 . . . 966 407 193 Legs 54 | 1 53 . . . . . . . . . . . Wheels 2215 | . 112 227 253 258 396 185 167 156 305 41 . 115 Hover . | . . . . . . . . . . . . . Flight . | . . . . . . . . . . . . . Fastest Speed 95 | 120 110 110 110 95 110 115 115 115 115 115 160 115 Average Speed 146 | 120 129 110 110 109 174 179 115 115 117 153 160 143 Slowest Speed 225 | 120 190 110 110 110 225 225 115 115 130 160 160 160 Overloaded Moves . | . . . . . . . . . . . . . Propulsion Burnouts . | . . . . . . . . . . . . . Robots Hopped . | . . . . . . . . . . . . . Cave-ins Triggered . | . . . . . . . . . . . . . Exploration Rate (%) 43 | 2 39 50 69 68 68 53 20 33 17 88 18 40 Regions Visited 12 Branch Regions 3 Pre-discovered Areas 1 | . . 1 . . . . . . . . . . Known Exits Taken 4 | . . . . . 1 . 1 . 1 . 1 . Unknown Exits Taken 5 | 1 1 1 1 1 . . . . . . . . Scrap Searched 2 | . . 1 . 1 . . . . . . . . Spaces Dug 53 | . . . . . 17 . 1 5 . 28 2 . Terrain Destroyed 443 | . 52 . . 21 63 80 45 5 4 70 64 39 Melee 4 | . . . . . 1 . 1 . . . 2 . Projectile . | . . . . . . . . . . . . . AOE 439 | . 52 . . 21 62 80 44 5 4 70 62 39 Terrain Rammed . | . . . . . . . . . . . . . Walls Destroyed . | . . . . . . . . . . . . . Machines Disabled . | . . . . . . . . . . . . . Actions | -11 -10 -10 -10 -9 -8 -8 -8 -8 -7 -7 -7 -7 --------- Run | Scr Mat Min Exi Min Mat Gar Mat Gar Fac Gar Fac Gar Total 5767 | . 198 261 253 446 1045 517 219 196 350 1236 600 446 Wait 482 | . . . . 144 87 . 18 5 8 37 99 84 Move 4496 | . 164 226 252 257 819 431 167 155 304 1006 407 308 Hop . | . . . . . . . . . . . . . Pick Up 86 | . 2 3 1 3 24 6 2 3 1 30 6 5 Fast Attach 34 | . 1 . . 2 10 1 2 . 4 12 2 . Attach 63 | . . 1 . 3 5 8 2 4 6 23 8 3 Detach 17 | . . 1 . . . . . . 4 12 . . Swap 56 | . 9 . . 9 16 3 4 5 3 4 3 . Drop 57 | . 1 . . . 23 3 3 2 1 18 1 5 Fire 228 | . 17 30 . 23 59 12 4 11 13 14 42 3 Melee 172 | . . . . 5 2 15 16 9 6 73 28 18 Ram 1 | . 1 . . . . . . . . . . . Kick 3 | . 3 . . . . . . . . . . . Crush . | . . . . . . . . . . . . . Escape Stasis 27 | . . . . . . 9 . . . 2 . 16 Rewire 10 | . . . . . . . 1 2 . 3 4 . Trap 35 | . . . . . . 29 . . . 2 . 4 Miscellaneous . | . . . . . . . . . . . . . Route ------- -11/Scrapyard -10/Materials -10/Mines (discovered 2 exits: [*Mat] / *Exi) -10/Exiles -9/Mines -8/Materials (discovered 3 exits: *Fac x2 / Gar) -8/Garrison (discovered 3 exits: *Mat x3) -8/Materials -8/Garrison (discovered 3 exits: *Fac x3) -7/Factory -7/Garrison (discovered 3 exits: *Fac x3) -7/Factory (discovered 2 exits: [*Fac] / Gar) -7/Garrison (discovered 1 exit: [*Fac]) History --------- Turn | Location | Event 1 | -11/Scrapyard | Discovered new exit (range 0) 1 | -11/Scrapyard | Entered Materials 136 | -10/Materials | Destroyed 7 combat bots 260 | -10/Materials | Discovered new exit (range 12) 277 | -10/Materials | Entered Mines 304 | -10/Mines | Build established: Mutant 323 | -10/Mines | Discovered new exit (range 12) 361 | -10/Mines | Learned location of Storage (-9) 497 | -10/Mines | YI-UF0 nonchalantly dropped a Grenade Launcher on the ground 579 | -10/Mines | Destroyed YI-UF0 587 | -10/Mines | Found Prototype Storage 612 | -10/Mines | Identified YI-UF0's Bottomless Matter Pit 616 | -10/Mines | Deemed a non-threat by the Exiles lab entrance 616 | -10/Mines | Discovered new exit (range 5) 621 | -10/Mines | Entered Exiles 651 | -10/Exiles | Met 8R-AWN 668 | -10/Exiles | Met EX-HEX 696 | -10/Exiles | Met EX-BIN 711 | -10/Exiles | Aligned with FarCom system 712 | -10/Exiles | Given EX-Vault access code 737 | -10/Exiles | Opened EX-Vault 744 | -10/Exiles | Found Superbattery 768 | -10/Exiles | Warned to stay clear of 0b10 Research branches 801 | -10/Exiles | Met EX-DEC 889 | -10/Exiles | Discovered new exit (range 12) 900 | -10/Exiles | Left Exiles lab with Superbattery 900 | -10/Exiles | Entered Mines 991 | -9/Mines | Received a Rocket Launcher from a helpful Derelict 1150 | -9/Mines | Learned 2 Materials zone layouts 1170 | -9/Mines | Excavation squad dispatched 1170 | -9/Mines | A large section of the Mines collapsed 1368 | -9/Mines | Core integrity fell below 50% 1394 | -9/Mines | Discovered new exit (range 16) 1418 | -9/Mines | Entered Materials 1418 | -8/Materials | Evolved 4 slots: Utility x4 1719 | -8/Materials | Discovered new exit (range 12) 2334 | -8/Materials | Discovered new exit (range 16) 3058 | -8/Materials | Identified exit to Garrison 3177 | -8/Materials | Entered Garrison 3177 | -8/Garrison | Accompanied by 1 ally 3240 | -8/Garrison | Triggered checkpoint 3364 | -8/Garrison | Triggered checkpoint 3366 | -8/Garrison | Triggered checkpoint 3455 | -8/Garrison | Core integrity fell below 50% 3480 | -8/Garrison | Destroyed 9 combat bots 3485 | -8/Garrison | Lost 3 parts (1n1u1w) 3626 | -8/Garrison | Discovered new exit (range 10) 3650 | -8/Garrison | Discovered new exit (range 6) 3650 | -8/Garrison | Discovered new exit (range 72) 3650 | -8/Garrison | Discovered new exit (range 78) 3819 | -8/Garrison | Installed Relay Interface Framework 3910 | -8/Garrison | Heavy support dispatched to Materials 3959 | -8/Garrison | Garrison Relay disabled 4071 | -8/Garrison | Entered Materials 4160 | -8/Materials | Build established: Bothacker-Mutant 4332 | -8/Materials | Identified exit to Garrison 4332 | -8/Materials | Entered Garrison 4332 | -8/Garrison | Accompanied by 2 allies 4360 | -8/Garrison | Triggered checkpoint 4371 | -8/Garrison | Garrison Relay disabled 4411 | -8/Garrison | Expanded RIF knowledge: Alert ID Control 4428 | -8/Garrison | Discovered new exit (range 33) 4428 | -8/Garrison | Discovered new exit (range 45) 4428 | -8/Garrison | Discovered new exit (range 39) 4439 | -8/Garrison | Core integrity fell below 20% 4439 | -8/Garrison | Triggered checkpoint 4484 | -8/Garrison | Triggered checkpoint 4530 | -8/Garrison | Expanded RIF knowledge: Patrol Navigation 4570 | -8/Garrison | Entered Factory 4570 | -7/Factory | Accompanied by 2 allies 4570 | -7/Factory | Evolved 2 slots: Utility x2 4976 | -7/Factory | Identified exit to Garrison 4991 | -7/Factory | Entered Garrison 5078 | -7/Garrison | Lost 4 parts (1p1n2u) 5122 | -7/Garrison | Triggered checkpoint 5134 | -7/Garrison | Garrison Relay disabled 5236 | -7/Garrison | Expanded RIF knowledge: Robot Detection 5354 | -7/Garrison | Triggered checkpoint 5428 | -7/Garrison | Triggered checkpoint 5467 | -7/Garrison | Discovered new exit (range 10) 5710 | -7/Garrison | Triggered checkpoint 6022 | -7/Garrison | Triggered checkpoint 6110 | -7/Garrison | Garrison Relay disabled 6147 | -7/Garrison | Rescued a captive Derelict 6201 | -7/Garrison | Discovered new exit (range 13) 6386 | -7/Garrison | Triggered checkpoint 6415 | -7/Garrison | Garrison Relay disabled 6423 | -7/Garrison | Build established: Botlord-Mutant 6569 | -7/Garrison | Discovered new exit (range 12) 6712 | -7/Garrison | Garrison Relay disabled 6743 | -7/Garrison | Garrison Relay disabled 6896 | -7/Garrison | Entered Factory 6896 | -7/Factory | Accompanied by 2 allies 6972 | -7/Factory | Discovered new exit (range 7) 7389 | -7/Factory | Garrison activated, responded to threat 7620 | -7/Factory | Core integrity fell below 50% 7673 | -7/Factory | Destroyed 7 combat bots 7701 | -7/Factory | Lost 3 parts (1p2w) 7800 | -7/Factory | Identified exit to Garrison 7800 | -7/Factory | Entered Garrison 8018 | -7/Garrison | Build established: Mutant 8167 | -7/Garrison | Core integrity fell below 20% 8248 | -7/Garrison | Triggered checkpoint 8326 | -7/Garrison | Discovered new exit (range 13) 8407 | -7/Garrison | Destroyed by Y-54 Guardian with Gatling Laser Last Messages --------------- 08280_ Field strength at 10. 08281_ Stasis field depleted. 08281_ Triggered Stasis Trap. 08281_ A bubble of rippling energy engulfs the area. 08281_ Field strength at 90. 08282_ Field strength at 80. 08283_ Field strength at 70. 08284_ Field strength at 60. 08285_ Field strength at 50. 08286_ Field strength at 40. 08287_ Field strength at 30. 08288_ Field strength at 20. 08289_ Field strength at 10. 08290_ Stasis field depleted. 08298_ System corrupted: Matter fused (-8). 08326_ EXIT=FOUND 08391_ Triggered Alarm Trap. 08391_ An alarm sounds. 08401_ Relay Coupler [Grunt] destroyed. 08404_ Hvy. Rocket Launcher destroyed. Map ----- +----------------------------------------------------+ | | | | | | | | | | | | | | | | | | | | | | | | | ????????????????????????????????????? | | ????????????????????????????????????? | | ????????????????????????????????????? | | ????????????????????????????????????? | | ????????????????????????????????????? | | ????????????????????????????????????? | | ????????????????????????????????????? | | ????????????????????????????????????? | | ????????????????????????????????????? | | ????????????????????????????????????? | | ?????????#####??????????????????????? | | ?????????# #??????????????????????? | | ?????????# < #??????????????????????? | | ?????????# @#??????????????????????? | | ?????????# #??????????????????????? | | ?????????# #????????Y?Y???????????? | | ?????????# #??######??????????????? | | ?????????# #??# ???????????????? | | ?????????# #??# ????????????????? | | ?????????# #??# #????????????????? | | ??????#### #??# #????????????????? | | ??????# ## #### #################? | | ??#####+## #? | | ??#"""" ##Y #? | | ??#" #? | | ??#"""" ######################## #? | | ??#######??????????????????????# #? | | ???????????????????????????????# #? | | ???????????????????????????????# #? | | ???????????????????????????????# #? | | ???????????????????????????????# #? | | ???????????????????????????????# #? | | ???????????????????????????????# #? | | ???????????????????????????????# #? | | ???????????????????????????????# #? | | ???????????????????????????????# #? | | ???????????????????????????????# #? | | ???????????????????????????????# #? | +----------------------------------------------------+ Best States ------------- Heat Dissipation 48 Energy Generation 14 Energy Capacity 250 Matter Stores 300 Matter Capacity 300 Sight Range 16 Terrain Scan Density 10 Armor Coverage 450 Resistance: EM 15 Evasion (%) 55 Targeting Accuracy 24 Melee Accuracy 5 Recoil Reduction 2 Offensive Hacking 10 Defensive Hacking 10 Relay Coupler Types 6 Relay Coupler Value 127 Item Schematics ----------------- None Robot Schematics ------------------ None Fabricated ------------ Nothing Alien Tech Used ----------------- None Achievements -------------- None Challenges ------------ None Game ------ Seed WaveEnhancedPurifier Manual? 0 Play Time 01:20:39 Cumulative 259.2 hours Start 2022.07.28 @ 05:14:59 End 2022.07.28 @ 07:38:18 Sessions 3 Manual Loads 0 Difficulty Rogue Special Mode None Game No. 306 Rogue 306 Adventurer 0 Explorer 0 Win Type - Total 11 Types 8/0/2/1/0/0/0/0/0 Lore% 70 Gallery% 86 Achievement% 74 Wizard Run 0 Options --------- ASCII 0 Keyboard 0 Movement Numpad Keybinds 0 Fullscreen 1 Font 18/Terminus Map View 76x50 Tactical HUD 1 Map Filters NONE Filters NONE Steam 1 RUN: 94cf666e-6d20-4a9e-9061-adce95d0778f